 Dungeon Crawl Stone Soup version 0.17-a0-1614-g2062e81 (webtiles) character file.

8778 Oddball22 the Geomancer (level 11, -2/102 HPs)
             Began as a Gargoyle Earth Elementalist on Aug 1, 2015.
             Was a Priest of Qazlal.
             Slain by an orc knight
             ... wielding a +0 glaive
              (5 damage)
             ... on level 1 of the Orcish Mines.
             The game lasted 01:24:14 (14663 turns).

Oddball22 the Geomancer (GrEE)                     Turns: 14663, Time: 01:24:14

Health: -2/102     AC: 25    Str: 15    XL:     11   Next: 36%
Magic:  1/20       EV:  2    Int: 16    God:    Qazlal [***...]
Gold:   1075       SH:  4    Dex: 10    Spells: 6 memorised, 4 levels left

rFire  . . .     SeeInvis +     b - staff of earth
rCold  . . .     Clarity  .     (armour currently unavailable)
rNeg   + + +     SustAt   .     (no shield)
rPois  ∞         Gourm    .     (helmet currently unavailable)
rElec  .         Spirit   .     (cloak currently unavailable)
rCorr  .         Warding  .     (gloves currently unavailable)
rMut   .         NoTele   +     (boots currently unavailable)
MR     .....                    (no amulet)
Stlth  ++........               G - ring of positive energy
                                f - ring of see invisible

@: tree-form, not resistant to hostile enchantments, unstealthy
A: negative energy resistance 1, (electricity resistance), (unbreathing),
petrification resistance, rot immunity, AC +7
a: Upheaval, Elemental Force, Renounce Religion


You were on level 1 of the Orcish Mines.
You worshipped Qazlal.
Qazlal was most pleased with you.
You were hungry.
You were a tree.
You visited 3 branches of the dungeon, and saw 14 of its levels.
You also visited: Ossuary.

You collected 1075 gold pieces.

Inventory:

Hand weapons
 a - a +0 arbalest
 m - a +2 short sword of flaming
 y - a +0 short sword of freezing
 P - a +1 dagger of draining
 Z - a +1 dagger of venom
Missiles
 q - 268 stones (quivered)
 v - 82 bolts
Armour
 l - a +0 leather armour
 r - a +2 helmet (melded)
 w - the +3 leather armour of the Skies Above (melded) {*Corrode Regen+ Int+3}
   (You found it on level 4 of the Dungeon)

   It affects your intelligence (+3).
   It increases your rate of regeneration.
   It may corrode your equipment when you take damage.
 A - a +2 plate armour of fire resistance
 I - a +0 pair of gloves (melded)
 M - the cursed +1 scale mail of the Lair of Beasts {rC+ rCorr Dex+2, unknown}
   (You found it on level 8 of the Dungeon)

   It affects your dexterity (+2).
   It protects you from cold.
   It protects you from acid and corrosion.
   It has a curse placed upon it.
 O - a +0 leather armour of magic resistance
 W - a cursed +0 cloak (melded)
Magical staves
 b - an uncursed staff of earth (weapon)
Jewellery
 f - a ring of see invisible (left branch)
 x - an uncursed ring of ice
 G - a ring of positive energy (right branch)
Magical devices
 g - a wand of fireball (3)
 i - a wand of magic darts (26)
 E - a wand of digging (7)
 H - a wand of digging (15)
 N - a wand of slowing (26)
 S - a wand of polymorph (15)
 V - a wand of teleportation (3)
Scrolls
 o - 2 scrolls of amnesia
 p - 4 scrolls of teleportation
 z - 2 scrolls of enchant armour {unknown}
 F - a scroll of blinking {unknown}
 J - 3 scrolls of enchant weapon {unknown}
 K - a scroll of acquirement {unknown}
 L - 3 scrolls of magic mapping {unknown}
 T - a scroll of torment {unknown}
 U - 3 scrolls of remove curse
Potions
 e - 2 potions of cure mutation
 h - 4 potions of agility
 k - 2 potions of lignification
 n - 3 potions of heal wounds {unknown}
 s - a potion of resistance {unknown}
 t - 4 potions of brilliance {unknown}
 u - a potion of cancellation
 C - a potion of invisibility {unknown}
 D - 5 potions of curing {unknown}
 Q - a potion of degeneration {unknown}
 R - a potion of mutation {unknown}
Books
 c - a book of Geomancy

   Spells                             Type                      Level
   a - Sandblast                      Earth                        1
   b - Stoneskin                      Transmutation/Earth          2
   c - Passwall                       Transmutation/Earth          3
   d - Stone Arrow                    Conjuration/Earth            3
   e - Petrify                        Transmutation/Earth          4
   f - Lee's Rapid Deconstruction     Earth                        5
 B - a book of Alchemy

   Spells                             Type                      Level
   a - Sublimation of Blood           Necromancy                   2
   b - Ignite Poison                  Fire/Transmutation/Poison    3
   c - Alistair's Intoxication        Transmutation/Poison         4
   d - Condensation Shield            Ice                          4
   e - Petrify                        Transmutation/Earth          4
   f - Irradiate                      Conjuration/Transmutation    5
Miscellaneous
 X - a fan of gales
Comestibles
 d - 9 bread rations
 j - 3 meat rations
 Y - 3 chunks of flesh


   Skills:
 + Level 8.0 Fighting
 * Level 5.6 Staves
 + Level 4.0 Crossbows
 - Level 5.4 Armour
 - Level 1.5 Dodging
 - Level 2.1 Stealth
 - Level 6.4 Spellcasting
 - Level 3.7 Conjurations
 - Level 5.8 Transmutations
 - Level 8.3 Earth Magic
 + Level 4.1 Invocations
 - Level 2.3 Evocations


You had 4 spell levels left.
You knew the following spells:

 Your Spells              Type           Power        Failure   Level  Hunger
a - Sandblast             Erth           #####.       1%          1    None
b - Stoneskin             Trmt/Erth      #####...     1%          2    None
c - Passwall              Trmt/Erth      #####.....   1%          3    ##.....
d - Stone Arrow           Conj/Erth      #####.       3%          3    ##.....
e - Petrify               Trmt/Erth      #####...     10%         4    ####...
f - Lee's Rapid Deconstr  Erth           #####.....   14%         5    #####..


Dungeon Overview and Level Annotations

Branches:
Dungeon (10/15)            Temple (1/1) D:7             Orc (3/4) D:9
   Lair: D:8-11         Elf: Orc:3-4

Altars:
Ashenzari
Cheibriados
Dithmenos
Elyvilon
Fedhas
Gozag
Kikubaaqudgha
Makhleb
Nemelex Xobeh
Okawaru
Qazlal
Ru
Sif Muna
Trog
Vehumet
Xom
Yredelemnul
Zin
The Shining One
Beogh

Shops:
D:4 }[

Annotations:
D:10 Geomchi's ghost, mighty HOAK


Innate Abilities, Weirdness & Mutations

You are resistant to torment.
((Your stone body is resilient (AC +7).))
You are immune to poison.
You resist negative energy.
((You are resistant to electric shocks.))
((You can survive without breathing.))
You are immune to petrification.
You are immune to rotting.


Message History

You cannot move.
You barely miss the orc knight.
The orc knight is heavily wounded.
The orc hits you with a war axe!
* * * LOW HITPOINT WARNING * * *
The orc is engulfed in roaring flames.
You kill the orc!
Qazlal accepts your kill. You block the orc's attack.
The orc knight hits you but does no damage.
You hit the orc knight but do no damage.
The orc knight is heavily wounded.
You hear a shout! x2
You hear an angry hiss. x3
You hear a shout! x3
The orc hits you but does no damage. x2
You barely miss the orc knight.
The orc knight is heavily wounded.
The orc knight hits you with a glaive.
You die...

## # . ###.## .. .# ###
##....#... ..##.####
###....#.#$.
.##...#.######.o♣o##.$...
...#.#.....#...o§§#....#.
......#.........o........
.............#..(....#...
......#......##.#........
..#............###.#.....
...............# #.##...
.............### #.....
............## .....


You could see an orc knight and 3 orcs.

Vanquished Creatures
  Fannar (Orc:1)
  Erica (D:8)
  An orc knight (Orc:1)
  The ghost of Oddball22 the Sneak, an experienced OpWr of Dithmenos (D:5)
  A troll (D:10)
  A hippogriff (D:8)
  The ghost of Monkaria the Ducker, an average FeBe of Trog (Ossuary)
  A spriggan (D:9)
  2 wargs
  Menkaure (D:7)
  16 orc warriors
  Duvessa (D:4)
  4 phantoms
  2 ice beasts
  A necrophage (D:8)
  4 centaurs
  A sky beast (D:9)
  5 ogres
  A big kobold (D:7)
  2 giant frogs
  A wyvern skeleton (D:8)
  Dowan (D:4)
  A scorpion (D:9)
  4 killer bees (D:9)
  A water moccasin skeleton (D:7)
  4 crimson imps
  3 wights (D:9)
  3 centaur skeletons
  2 centaur zombies (Ossuary)
  2 jellies
  18 orc wizards
  13 orc priests
  2 hounds
  3 giant frog skeletons
  5 worker ants
  2 iguanas (D:7)
  A hound zombie (D:7)
  2 mummies (Ossuary)
  2 hound skeletons
  8 adders
  A shadow imp (D:7)
  3 adder zombies
  8 adder skeletons
  4 worms
  3 giant geckos
  110 orcs
  2 ball pythons (D:3)
  7 giant cockroaches
  4 goblins
  6 hobgoblins
  13 jackals
  2 quokkas
  8 bats
  A giant cockroach zombie (D:6)
  2 giant newts
  10 hobgoblin zombies
  A jackal skeleton (D:5)
  3 jackal zombies (Ossuary)
  12 kobolds
  9 kobold zombies (Ossuary)
  11 orc zombies
  2 quokka skeletons
  6 rats
  A rat zombie (Ossuary)
355 creatures vanquished.

Vanquished Creatures (others)
  5 sheep (D:8)
  A hobgoblin (D:3)
  A kobold (D:8)
7 creatures vanquished.

Grand Total: 362 creatures vanquished

Notes
Turn   | Place    | Note
--------------------------------------------------------------
     0 | D:1      | Oddball22 the Gargoyle Earth Elementalist began the quest for the Orb.
     0 | D:1      | Reached XP level 1. HP: 10/10 MP: 3/3
   287 | D:1      | Reached skill level 1 in Fighting
   287 | D:1      | Reached XP level 2. HP: 12/16 MP: 5/5
   649 | D:1      | Reached skill level 1 in Armour
  1346 | D:2      | Reached skill level 4 in Earth Magic
  1346 | D:2      | Reached XP level 3. HP: 21/21 MP: 2/6
  1858 | D:3      | Reached XP level 4. HP: 25/27 MP: 7/7
  2049 | D:3      | Learned a level 2 spell: Stoneskin
  2053 | D:3      | Learned a level 3 spell: Passwall
  2274 | D:3      | Reached XP level 5. HP: 20/32 MP: 5/8
  2442 | D:3      | Found a sparkling altar of Nemelex Xobeh.
  3008 | D:4      | Found Jumugew's Antique Armour Shop.
  3217 | D:4      | Reached XP level 6. HP: 36/38 MP: 10/10
  3287 | D:4      | Noticed Dowan
  3312 | D:4      | Got a translucent leather armour
  3318 | D:4      | Found Muclappu's Antique Weapon Shoppe.
  3430 | D:4      | Learned a level 3 spell: Stone Arrow
  3486 | D:4      | Killed Dowan
  3776 | D:4      | Found Xesagg's Gadget Emporium.
  3988 | D:5      | Entered Level 5 of the Dungeon
  3989 | D:5      | Noticed Oddball22's ghost (experienced OpWr)
  4007 | D:4      | Noticed Duvessa
  4192 | D:4      | Killed Duvessa
  4192 | D:4      | Reached skill level 5 in Fighting
  4192 | D:4      | Reached XP level 7. HP: 33/44 MP: 1/11
  4585 | D:4      | Identified the +3 leather armour of the Skies Above {*Corrode Regen+ Int+3} (You found it on level 4 of the Dungeon)
  4965 | D:4      | Reached skill level 5 in Earth Magic
  5120 | D:5      | Reached skill level 6 in Fighting
  5366 | D:5      | Killed Oddball22's ghost
  5366 | D:5      | Reached skill level 5 in Armour
  5366 | D:5      | Reached XP level 8. HP: 43/52 MP: 1/12
  5655 | D:5      | Reached skill level 7 in Earth Magic
  6082 | D:6      | Learned a level 4 spell: Petrify
  6087 | D:6      | Reached skill level 1 in Conjurations
  6087 | D:6      | Reached skill level 1 in Transmutations
  6405 | D:6      | Reached skill level 1 in Evocations
  6556 | D:6      | Found a sand-covered staircase.
  6585 | Ossuary  | Entered an ossuary
  6641 | Ossuary  | Noticed Monkaria's ghost (average FeBe)
  6693 | Ossuary  | Killed Monkaria's ghost
  6693 | Ossuary  | Reached XP level 9. HP: 3/56 MP: 0/15
  7178 | D:6      | Found an opulent altar of Gozag.
  7319 | D:7      | Noticed Menkaure
  7517 | D:7      | Found an ancient bone altar of Kikubaaqudgha.
  7693 | D:7      | Found a staircase to the Ecumenical Temple.
  7717 | Temple   | Entered the Ecumenical Temple
  8462 | D:7      | Found a snail-covered altar of Cheibriados.
  9025 | D:7      | Reached skill level 5 in Spellcasting
  9148 | D:7      | Killed Menkaure
  9212 | D:8      | Found a glowing golden altar of the Shining One.
  9265 | D:8      | Noticed Erica
  9334 | D:8      | Killed Erica
  9334 | D:8      | Reached skill level 5 in Transmutations
  9334 | D:8      | Reached XP level 10. HP: 39/61 MP: 1/18
  9345 | D:8      | Got a dazzling scale mail
  9638 | D:8      | Found a shimmering altar of Xom.
  9725 | D:8      | Reached skill level 1 in Crossbows
 10298 | D:8      | Learned a level 5 spell: Lee's Rapid Deconstruction
 10539 | D:8      | Reached skill level 1 in Staves
 10886 | D:9      | Found a staircase to the Orcish Mines.
 10932 | D:9      | Found a stormy altar of Qazlal.
 11098 | D:9      | Found a blossoming altar of Fedhas.
 11108 | D:9      | Became a worshipper of Qazlal Stormbringer
 11601 | D:10     | Entered Level 10 of the Dungeon
 11602 | D:10     | Noticed Geomchi's ghost (mighty HOAK)
 11941 | D:10     | Reached skill level 8 in Earth Magic
 12584 | Orc:1    | Entered Level 1 of the Orcish Mines
 12777 | Orc:2    | Acquired Qazlal's first power
 12781 | Orc:2    | Reached skill level 1 in Invocations
 13257 | Orc:2    | Acquired Qazlal's second power
 13349 | Orc:2    | Found a roughly hewn altar of Beogh.
 13485 | Orc:2    | Noticed an orc knight
 13495 | Orc:2    | Reached XP level 11. HP: 24/67 MP: 7/20
 13589 | Orc:1    | Killed an orc knight
 13595 | Orc:1    | Acquired Qazlal's third power
 13868 | Orc:2    | Reached skill level 5 in Staves
 14108 | Orc:2    | Found a roughly hewn altar of Beogh.
 14449 | Orc:1    | Noticed Fannar
 14463 | Orc:1    | Killed Fannar
 14637 | Orc:1    | Noticed an orc knight
 14661 | Orc:1    | HP: 3/102 [orc/war axe (8)]
 14663 | Orc:1    | Slain by an orc knight

Vault maps used:
D:1:      dpeg_arrival_signposts, minmay_crystal_water
D:2:      minmay_misc_feat_five, minmay_misc_feat_hallway
D:3:      nemelex_altar_shiori, first_bread
D:4:      serial_shops, nicolae_shop_crystal, nicolae_shop_crystal, shop,
          uniq_duvessa
D:6:      nicolae_ossuary_entry_giza, minmay_misc_feat_alley,
          nicolae_gozag_seed_capital
D:7:      lemuel_round_altar, minmay_temple_entry_statues_fountains,
          basic_altar, kennysheep_generic_room_11, uniq_menkaure
D:8:      kb_xom_exploding_sheep, tso_metal_star, uniq_erica
D:9:      grunt_temple_overflow_forces_of_nature, orc_0_dummy, the_bakery,
          stair_cage_line, kennysheep_generic_room_6
D:10:     lair_0_dummy, minivault_11
Temple:   dpeg_five_rooms_temple_12
Orc:1:    nicolae_orc_accident_3, nicolae_orc_crystal_geode, uniq_fannar
Orc:2:    special_room, mines2_david
Orc:3:    serial_shops, shop_coins, nicolae_shop_statue_plus,
          nicolae_orc_pool_cavern, uniq_erolcha
Ossuary:  ossuary_tomb_1

Action                   |  1- 3 |  4- 6 |  7- 9 | 10-12 || total
-------------------------+-------+-------+-------+-------++-------
Melee: Short sword       |    94 |       |   281 |       ||   375
       Dagger            |     5 |   234 |   236 |     1 ||   476
       Staff             |       |       |   106 |   605 ||   711
 Fire: Arbalest          |       |       |       |    89 ||    89
 Cast: Sandblast         |    26 |     3 |     8 |     7 ||    44
       Stoneskin         |       |     3 |     8 |    26 ||    37
       Stone Arrow       |       |     5 |    59 |   121 ||   185
       Passwall          |       |     1 |       |       ||     1
Invok: Elemental Force   |       |       |       |     1 ||     1
Evoke: Wand              |       |     4 |       |       ||     4
  Use: Scroll            |       |     7 |     5 |       ||    12
       Potion            |       |       |     3 |     1 ||     4
 Stab: Sleeping          |     7 |     4 |     2 |       ||    13
  Eat: Chunk             |     4 |     5 |    15 |    15 ||    39
       Bread ration      |       |     1 |     1 |     1 ||     3
       Royal jelly       |       |       |     1 |       ||     1
       Fruit             |       |       |       |     3 ||     3
